 Dungeon Crawl Stone Soup version 0.30-a0-1075-gcd70e7a56d (webtiles) character file.

Game seed: 3479395835946982018

31 cforsyth the Caller (level 3, -1/21 HPs)
             Began as an Octopode Summoner on Apr 15, 2023.
             Slain by a goblin
             ... wielding a +0 club
             ... led by Robin
              (5 damage)
             ... on level 2 of the Dungeon.
             The game lasted 00:03:11 (1342 turns).

cforsyth the Caller (Octopode Summoner)             Turns: 1342, Time: 00:03:11

Health: -1/21      AC:  1    Str:  7    XL:     3   Next: 22%
Magic:  3/7        EV: 13    Int: 19    God:
Gold:   38         SH:  0    Dex: 12    Spells: 4/7 levels left

rFire   . . .      SeeInvis .    (no weapon)
rCold   . . .      Faith    .    (no shield)
rNeg    . . .      Spirit   .    (helmet restricted)
rPois   .          Reflect  .    (no amulet)
rElec   .          Rampage  .    (no ring)
rCorr   .                        (no ring)
Will    .....                    (no ring)
Stlth   +++                      (no ring)
HPRegen 0.23/turn                (no ring)
MPRegen 0.10/turn                (no ring)
                                 (no ring)
                                 (no ring)

@: no status effects
A: almost no armour, amphibious, 8 rings, camouflage 1, gelatinous body 1,
(nimble swimmer 1), tentacles
a: no special abilities


You were on level 2 of the Dungeon.
You visited 1 branch of the dungeon, and saw 2 of its levels.

You collected 38 gold pieces.

Inventory:

Jewellery
 c - a ring of flight
Scrolls
 d - 2 scrolls of amnesia {unknown}
Potions
 a - a potion of magic
 b - a potion of curing {unknown}
 e - a potion of mutation {unknown}


   Skills:
 - Level 2.0 Dodging
 - Level 2.6 Stealth
 + Level 2.7 Spellcasting
 + Level 4.5 Summonings


You had 4 spell levels left.
You knew the following spells:

 Your Spells              Type           Power      Damage    Failure   Level
a - Summon Small Mammal   Summ           76%        N/A       2%          1
b - Call Imp              Summ           38%        N/A       3%          2

Your spell library contained the following spells:

 Spells                   Type           Power      Damage    Failure   Level
 Call Canine Familiar     Summ           19%        N/A       8%          3
 Summon Guardian Golem    Hex/Summ       11%        N/A       19%         3
 Cigotuvi's Dreadful Rot  Necr/Pois/Air  4%         N/A       24%         2
 Ignite Poison            Fire/Tmut/Pois 2%         N/A       43%         3
 Summon Lightning Spire   Summ/Air       11%        N/A       52%         4
 Freezing Cloud           Conj/Ice/Air   1%         6-21      99%         5


Dungeon Overview and Level Annotations

Branches:
Dungeon (2/15)

Altars:

Annotations:
D:2 Robin


Innate Abilities, Weirdness & Mutations

You cannot wear most types of armour.
You are amphibious.
You can wear up to eight rings at the same time.
Your skin changes colour to match your surroundings (Stealth+).
Your rubbery body absorbs attacks. (AC +1, EV +1)
((You are camouflaged when in or above water. (Stealth+)))
You have tentacles for arms and can constrict up to eight enemies at once.


Message History

A goblin is nearby!
The goblin shouts!
A goblin comes into view. It is wielding a +0 club.
The goblin shouts!
You hear a shout! x3
Robin of the Strong Arm comes into view.
They are wielding a +0 whip.
A goblin comes into view. It is wielding a +0 club.
You hear a shout!
Casting: Summon Small Mammal (safe; 2% risk of failure)
Confirm with . or Enter, or press ? or * to list all spells.
A tiny devil pulls itself out of the air.
Robin shouts!
The goblin shouts!
You hear a shout!
Robin roars a battlecry!
The goblins go into a battle-frenzy!
A hobgoblin and 2 goblins come into view.
The goblin shouts!
A goblin comes into view.
It is wielding a +0 club. 2 goblins and a worm come into view.
A bat comes into view.
Robin throws the goblin at you! The goblin barely misses you.
A goblin comes into view. It is wielding a +0 club.
The goblin closely misses you.
The bat moves out of view.
You tentacle-slap the goblin. You grab the goblin. You squeeze the goblin.
You kill the goblin!
Your quokka misses the goblin.
Your cerulean imp barely misses the goblin.
The goblin hits you with a +0 club.
Your quokka bites the goblin.
The goblin dies!
You swap places.
Your quokka barely misses the goblin.
The goblin hits your quokka but does no damage.
Robin says, "A pitiful Octopus like you will never find the ORB!"
Robin throws the goblin at you!
Your cerulean imp hits the goblin but does no damage.
Your quokka bites the goblin.
The goblin hits you with a +0 club.
* * * LOW HITPOINT WARNING * * *
The goblin hits your quokka with a +0 club.
Your cerulean imp closely misses the goblin.
Your quokka barely misses the goblin.
Robin throws the goblin at you!
* * * LOW HITPOINT WARNING * * *
The goblin misses your quokka. The goblin attacks as you move away!
The goblin hits you with a +0 club.
You die...

#.._....# .#
#......<##.# #
#..........#.##
##..+#.#.......#
####....#.#.......#
......(†#[##......#
#...†.............
#.###..g##.########...
#......g@..# ##
#####.r5#### ##r## #g#


gg# ggg# ..wg# .....# ......# You could see Robin, 5 goblins, a friendly
cerulean imp (summoned), a friendly quokka (summoned) and a friendly rat
(summoned).

Vanquished Creatures
  A dart slug (D:2)
  2 ball pythons
  A goblin (D:2)
  A quokka (D:1)
  A rat (D:1)
6 creatures vanquished.

Vanquished Creatures (collateral kills)
  2 bats
  A giant cockroach (D:1)
  5 goblins
  A hobgoblin (D:2)
  2 jackals (D:1)
  3 kobolds (D:1)
  A quokka (D:1)
  A frilled lizard (D:1)
  4 rats (D:1)
20 creatures vanquished.

Grand Total: 26 creatures vanquished

Notes
Turn   | Place    | Note
-------+----------+-------------------------------------------
     0 | D:1      | cforsyth the Octopode Summoner began the quest for the Orb.
     0 | D:1      | Reached XP level 1. HP: 11/11 MP: 3/3
   333 | D:1      | Reached XP level 2. HP: 17/17 MP: 1/5
   624 | D:1      | Learned a level 2 spell: Call Imp
  1255 | D:2      | Found a faded altar of an unknown god.
  1261 | D:2      | Reached XP level 3. HP: 21/21 MP: 3/6
  1334 | D:2      | Noticed Robin
  1342 | D:2      | Slain by a goblin

Illustrated notes

Levels and vault maps discovered:
D:1:      dpeg_arrival_simpleton_a, layout_basic
D:2:      layout_basic, ebering_ecumenical_altar_sacrificial, uniq_robin,
          uniq_sigmund

Action                     || total
---------------------------++-------
  Melee: Unarmed           ||    23
         Constrict         ||     7
         Tentacles         ||     5
   Cast: Summon Small Mamm ||    32
         Call Imp          ||     8
   Stab: Sleeping          ||     2
 Armour: Skin              ||     4
  Dodge: Dodged            ||    19

Table legend: (Time is in decaauts)
 A = Elapsed time spent in this place.
 B = Non-inter-level travel time spent in this place.
 C = Inter-level travel time spent in this place.
 D = Time resting spent in this place.
 E = Time spent auto-exploring this place.
 F = Levels seen in this place.
 G = Mean time per level.
                   A        B        C        D        E       F      G
               +--------+--------+--------+--------+--------+-----+--------+
         Total |   1341 |   1321 |     20 |      0 |   1108 |   2 |  670.5 |
       Dungeon |   1341 |   1321 |     20 |      0 |   1108 |   2 |  670.5 |
               +--------+--------+--------+--------+--------+-----+--------+

Top non-repeatable levels by time:
     D:1: 1255 daAuts
     D:2: 86 daAuts
